 Dungeon Crawl Stone Soup version 0.31-a0-1405-g2bb1a01664 (webtiles) character file.

Game seed: 14241091371253240661

22109 Fodor the Severer (level 12, -5/107 HPs)
             Began as a Minotaur Fighter on Dec 25, 2023.
             Was an Initiate of Gozag.
             Slain by an ironbound preserver
             ... wielding a +0 great mace
              (20 damage)
             ... on level 1 of the Vaults.
             The game lasted 01:14:31 (11989 turns).

Fodor the Severer (Minotaur Fighter)               Turns: 11989, Time: 01:14:33

Health: -5/107     AC: 20    Str: 30    XL:     12   Next: 60%
Magic:  11/11      EV:  9    Int:  5    God:    Gozag
Gold:   1313       SH:  5    Dex: 12    Spells: 11/11 levels left

rFire   . . .        b - +0 battleaxe (heavy)
rCold   . . .        (shield currently unavailable)
rNeg    + . .        L - +0 plate armour of the Other World {rPois rCorr}
rPois   +            F - +1 hat
rElec   .            T - +0 cloak {Will+}
rCorr   +            n - +0 pair of gloves
SInv    .            t - +0 pair of boots {Stlth+}
Will    +....        l - amulet of reflection Stlth
                     h - +6 ring of strength
HPRegen 0.37/turn    H - ring of positive energy
MPRegen 0.12/turn

%: reflection
@: marked, gold aura
A: horns 2, retaliatory headbutt, passive freeze, screaming 1, subdued magic 1
a: Renounce Religion, Potion Petition, Call Merchant, Bribe Branch


You were on level 1 of the Vaults.
You worshipped Gozag.
Gozag was most pleased with you.
You visited 2 branches of the dungeon, and saw 14 of its levels.

You collected 2784 gold pieces.
You spent 909 gold pieces at shops.
You paid 562 gold pieces to Gozag.

Inventory:

Hand Weapons
 b - a +0 heavy battleaxe (weapon)
 O - the +5 Force Lance {heavy, knockback}
   (You found it on level 10 of the Dungeon)
Missiles
 Q - 6 javelins (quivered)
 R - 4 boomerangs
Armour
 a - a +2 kite shield
 n - a +0 pair of gloves (worn)
 t - a +0 pair of boots of stealth (worn)
 F - a +1 hat (worn)
 L - the +0 plate armour of the Other World (worn) {rPois rCorr}
   (You found it on level 9 of the Dungeon)

   rPois:     It protects you from poison rCorr: It protects you from acid and
   corrosion.
 T - a +0 cloak of willpower (worn)
Jewellery
 h - a +6 ring of strength (left hand)
 l - an amulet of reflection (around neck)
 H - a ring of positive energy (right hand)
 I - the ring "Roiss" {rC+ Int+3}
   (You found it on level 8 of the Dungeon)

   [ring of protection from cold]

   Int+3:     It affects your intelligence (+3).
   rC+:       It protects you from cold.
 K - an amulet of the acrobat
 N - a +5 ring of evasion
 S - an amulet of regeneration
Talismans
 g - a flux talisman
 p - a beast talisman
 y - a blade talisman
Wands
 c - a wand of charming (25)
 u - a wand of light (6)
 J - a wand of flame (17)
 M - a wand of polymorph (9)
Scrolls
 e - a scroll of silence
 i - 8 scrolls of amnesia
 q - 2 scrolls of vulnerability
 r - 4 scrolls of fear
 s - 5 scrolls of teleportation
 v - 3 scrolls of revelation
 w - 3 scrolls of fog
 x - a scroll of torment
 B - 4 scrolls of immolation
 E - 5 scrolls of poison
 P - a scroll of identify
Potions
 d - a potion of might
 f - 2 potions of mutation
 j - a potion of curing
 m - 3 potions of haste
 o - 3 potions of heal wounds {unknown}
 z - 2 potions of enlightenment {unknown}
 A - a potion of brilliance
 C - 3 potions of resistance {unknown}
 D - 2 potions of magic {unknown}
 G - a potion of attraction {unknown}


   Skills:
 + Level 10.4 Fighting
 + Level 15.0 Axes
 + Level 11.1 Armour
 + Level 2.7 Dodging
 + Level 2.1 Stealth
 + Level 12.3 Shields
 + Level 5.0 Shapeshifting


You had 11 spell levels left.
You didn't know any spells.
Your spell library contained the following spells:

 Spells                   Type           Power      Damage    Failure   Level
 Mercury Vapours          Alch/Air       0%         N/A       99%         2
 Mephitic Cloud           Conj/Alch/Air  0%         N/A       100%        3
 Tukima's Dance           Hex            0%         N/A       100%        3
 Dimensional Bullseye     Hex/Tloc       0%         N/A       100%        4
 Iskenderun's Mystic Bla  Conj/Tloc      0%         2d3       100%        4
 Freezing Cloud           Conj/Ice/Air   0%         6-21      100%        5
 Iskenderun's Battlesphe  Conj           0%         2d6       100%        5
 Bombard                  Conj/Erth      0%         9d1       100%        6
 Spellforged Servitor     Conj/Summ      0%         N/A       100%        7


Dungeon Overview and Level Annotations

Branches:
Dungeon (13/15)              Lair (0/5) D:9             Orc (0/2) D:9
 Vaults (1/5) D:13
 Temple: D:4-7

Altars:
Cheibriados
Fedhas
Gozag
Hepliaklqana
Makhleb
Qazlal
Ru
Trog
Uskayaw
Vehumet
Yredelemnul
Zin

Shops:
D:5 *   D:10 *   D:11 =   D:13 :*

Portals:
Trove: D:11 (show slimy rune of Zot)


Innate Abilities, Weirdness & Mutations

You have a pair of horns on your head.
You reflexively headbutt those who attack you in melee.
A frigid envelope surrounds you and freezes all who hurt you.
You occasionally shout uncontrollably at your foes.
Your spells are a little easier to cast, but a little less powerful.


Message History

The ironbound frostheart is no longer distracted by gold.
You see here 21 gold pieces.
Unknown command.
You catch the helpless deep troll completely off-guard!
You cut the deep troll into ribbons!!!
You kill the deep troll!
The ice encasing you melts away.
The deep troll is no longer distracted by gold.
Your Axes skill increases to level 15!
You barely miss the ironbound preserver.
The vault guard blocks your attack. You block the vault guard's attack.
The ironbound preserver hits you with a +0 great mace!
* * * LOW HITPOINT WARNING * * *
The ironbound preserver is very cold.
The ironbound preserver is lightly wounded.
Unknown command.
You carve the ironbound preserver like a ham!!!
You headbutt the ironbound preserver.
The ironbound preserver is heavily wounded.
The vault guard blocks your attack.
The ironbound preserver closely misses you.
You furiously retaliate!
You headbutt the ironbound preserver! The vault guard barely misses you.
The ironbound preserver mumbles some strange words.
The ironbound preserver is healed somewhat.
A deep troll comes into view.
A vault warden comes into view. It is wielding a +1 battleaxe.
You slice the ironbound preserver!!
The ironbound preserver is severely wounded.
You slash the vault guard! You slice the ironbound preserver!!
You block the ironbound preserver's attack.
The vault guard hits you but does no damage.
The vault guard is very cold.
The vault guard is moderately wounded.
The ironbound preserver is distracted by your dazzling golden aura.
The deep troll is distracted by your dazzling golden aura.
A vault guard comes into view.
It is wielding a +2 great sword of electrocution.
The ironbound preserver hits you with a +0 great mace!!
You die...
Your body crumbles into a pile of gold.

.p.####
pp#...####
#T#......####
#O#.........#
#c#.........#
#c#....∩....#
+.#.........#
#p#....>....#
#@p......####
#p#...####
#######T#####..
......TTpcTT..c
.......TT.T....
...........T...
..........p....
...............
...............


You could see 3 ironbound preservers, a vault warden, an ironbound thunderhulk,
a yaktaur captain, 2 vault guards, 6 deep trolls and a yaktaur.

Vanquished Creatures
  An entropy weaver (D:13)
  A vault guard (D:13)
  A catoblepas (D:13)
  4 two-headed ogres
  A boulder beetle (D:12)
  2 deep trolls (Vaults:1)
  Pikel (D:4)
  An ironbound convoker (Vaults:1)
  An arcanist (Vaults:1)
  A deep elf pyromancer (D:12)
  3 ugly things
  A cyclops (D:12)
  A vault sentinel (Vaults:1)
  3 gargoyles
  4 kobold demonologists
  A komodo dragon (D:11)
  An unseen horror (D:13)
  4 trolls
  3 shadows
  6 yaks (D:11)
  2 wyverns
  5 humans (D:8)
  A basilisk (D:11)
  A steam dragon (D:8)
  3 vampire mosquitoes (D:12)
  Menkaure (D:4)
  3 acid dragons
  2 water moccasins
  A black bear (D:4)
  5 orc warriors (D:9)
  A sky beast (D:7)
  4 ogres
  11 centaurs
  4 lemures (D:4)
  8 kobold brigands
  6 bullfrogs
  2 gnoll sergeants
  4 scorpions
  12 wights
  5 killer bees (D:9)
  7 howler monkeys
  4 hounds
  2 jellies
  A bombardier beetle (D:6)
  3 orc priests
  Crazy Yiuf (D:2)
  A gnoll bouda (D:5)
  A sleepcap (D:5)
  Ijyb (D:3)
  Natasha (thrice) (D:4)
  Terence (D:3)
  2 iguanas
  12 orc wizards
  Robin (D:3)
  16 gnolls
  6 adders
  6 shadow imps
  3 white imps
  2 ufetubi (D:5)
  A worm (D:3)
  4 dart slugs
  28 orcs
  8 ball pythons
  5 bats
  8 endoplasms
  5 giant cockroaches
  23 goblins
  6 hobgoblins
  7 jackals
  35 kobolds
  7 quokkas
  2 frilled lizards (D:1)
  A rat (D:1)
335 creatures vanquished.

Vanquished Creatures (others)
  Erica (D:10)
  A kobold brigand (D:9)
2 creatures vanquished.

Grand Total: 337 creatures vanquished

Notes
Turn   | Place    | Note
-------+----------+-------------------------------------------
     0 | D:1      | Fodor the Minotaur Fighter began the quest for the Orb.
     0 | D:1      | Reached XP level 1. HP: 19/19 MP: 0/0
   134 | D:1      | Reached XP level 2. HP: 27/27 MP: 1/1
   470 | D:1      | Found a faded altar of an unknown god.
   796 | D:1      | Reached XP level 3. HP: 33/33 MP: 2/2
   848 | D:2      | Reached skill level 3 in Axes
  1262 | D:2      | Reached XP level 4. HP: 35/40 MP: 3/3
  1501 | D:2      | Found a runed translucent door.
  1502 | D:2      | Noticed Crazy Yiuf
  1508 | D:2      | Killed Crazy Yiuf
  1735 | D:3      | Reached skill level 4 in Axes
  1735 | D:3      | Reached XP level 5. HP: 23/46 MP: 4/4
  1849 | D:3      | Noticed Ijyb
  1862 | D:3      | Killed Ijyb
  1954 | D:3      | Reached skill level 5 in Shields
  1983 | D:3      | Found a blossoming altar of Fedhas.
  2041 | D:3      | Found a hazy altar of Hepliaklqana.
  2049 | D:3      | Noticed Terence
  2054 | D:3      | Killed Terence
  2294 | D:3      | Noticed Robin
  2437 | D:3      | Killed Robin
  2956 | D:4      | Noticed a lemure
  2956 | D:4      | Noticed a lemure
  2957 | D:4      | Noticed Pikel
  2959 | D:4      | Noticed Menkaure
  2963 | D:4      | Found a hide-covered altar of Uskayaw.
  2965 | D:4      | Noticed a lemure
  2966 | D:4      | Noticed a lemure
  2966 | D:4      | Noticed a black bear
  2969 | D:4      | Killed Menkaure
  2970 | D:4      | Reached skill level 5 in Axes
  2970 | D:4      | Reached skill level 1 in Dodging
  2970 | D:4      | Reached XP level 6. HP: 10/53 MP: 5/5
  2971 | D:4      | Gained mutation: A frigid envelope surrounds you and
                  | freezes all who hurt you. [potion of mutation]
  2971 | D:4      | Gained mutation: You occasionally shout uncontrollably at
                  | your foes. [potion of mutation]
  2971 | D:4      | Gained mutation: Your spells are a little easier to cast,
                  | but a little less powerful. [potion of mutation]
  2984 | D:4      | Reached skill level 1 in Shapeshifting
  2996 | D:4      | Killed Pikel
  2997 | D:4      | Reached skill level 6 in Axes
  2997 | D:4      | Reached skill level 5 in Armour
  2997 | D:4      | Reached XP level 7. HP: 20/60 MP: 6/6
  3347 | D:4      | Found a radiant altar of Vehumet.
  3356 | D:4      | Noticed Natasha
  3364 | D:4      | Killed Natasha
  3392 | D:4      | Found a burning altar of Makhleb.
  3392 | D:4      | Found a snail-covered altar of Cheibriados.
  3405 | D:4      | Noticed Natasha
  3410 | D:4      | Killed Natasha
  3411 | D:4      | Reached XP level 8. HP: 57/67 MP: 7/7
  3426 | D:4      | Reached skill level 5 in Fighting
  3464 | D:4      | Found a stormy altar of Qazlal.
  3472 | D:4      | Found a basalt altar of Yredelemnul.
  3499 | D:4      | Noticed Natasha
  3538 | D:4      | Found an opulent altar of Gozag.
  3543 | D:4      | Found a bloodstained altar of Trog.
  3726 | D:5      | Entered Level 5 of the Dungeon
  3773 | D:5      | Reached skill level 7 in Axes
  4088 | D:4      | Killed Natasha
  4097 | D:4      | Became a worshipper of Gozag Ym Sagoz the Greedy
  4212 | D:5      | Found Alug's General Store.
  4347 | D:5      | Bought a scroll of teleportation for 39 gold pieces
  4347 | D:5      | Bought a scroll of fog for 52 gold pieces
  4347 | D:5      | Bought a potion of brilliance for 52 gold pieces
  4347 | D:5      | Bought a scroll of identify for 26 gold pieces
  4347 | D:5      | Bought a scroll of immolation for 52 gold pieces
  4458 | D:6      | Reached skill level 8 in Axes
  4709 | D:6      | Reached XP level 9. HP: 67/75 MP: 8/8
  5206 | D:6      | Found a sacrificial altar of Ru.
  5767 | D:7      | Reached skill level 9 in Axes
  6101 | D:8      | Reached skill level 10 in Shields
  6144 | D:8      | Identified the ring "Roiss" {rC+ Int+3}
  6201 | D:8      | Noticed a green ugly thing
  6208 | D:8      | Killed a green ugly thing
  6250 | D:8      | Reached XP level 10. HP: 80/84 MP: 9/9
  6329 | D:8      | Found a glowing silver altar of Zin.
  6449 | D:8      | Reached skill level 10 in Axes
  6867 | D:9      | Identified the +0 plate armour of the Other World {rPois
                  | rCorr}
  6887 | D:9      | Noticed a gargoyle
  6890 | D:9      | Noticed a two-headed ogre
  6897 | D:9      | Killed a gargoyle
  6903 | D:9      | Reached skill level 11 in Axes
  7037 | D:9      | Killed a two-headed ogre
  7674 | D:9      | Found a staircase to the Orcish Mines.
  7906 | D:9      | Found a staircase to the Lair.
  8465 | D:10     | Entered Level 10 of the Dungeon
  8487 | D:10     | Noticed a two-headed ogre
  8491 | D:10     | Killed a two-headed ogre
  8492 | D:10     | Reached skill level 12 in Axes
  8492 | D:10     | Reached skill level 1 in Stealth
  8492 | D:10     | Reached XP level 11. HP: 40/93 MP: 10/10
  8682 | D:10     | Noticed Erica
  8683 | D:10     | Found the +5 Force Lance {heavy, knockback}
  8700 | D:10     | Killed Erica
  9071 | D:10     | Found Ubimeoj's Serpentskin Sales.
  9319 | D:11     | Found a portal to a secret trove of treasure.
  9508 | D:11     | Noticed a two-headed ogre
  9512 | D:11     | Killed a two-headed ogre
  9520 | D:11     | Reached skill level 13 in Axes
  9844 | D:11     | Found Ozuaty's Jewellery Emporium.
  9899 | D:12     | Noticed a deep elf pyromancer
  9901 | D:12     | Killed a deep elf pyromancer
  9988 | D:12     | Noticed a two-headed ogre
  9990 | D:12     | Killed a two-headed ogre
 10333 | D:12     | Noticed a boulder beetle
 10338 | D:12     | Killed a boulder beetle
 10431 | D:12     | Reached XP level 12. HP: 105/105 MP: 11/11
 10766 | D:13     | Reached skill level 14 in Axes
 10858 | D:13     | Bought a wand of charming (4) for 268 gold pieces
 10860 | D:13     | Bought an embroidered cloak for 210 gold pieces
 10878 | D:13     | Bought a pair of glowing boots for 210 gold pieces
 11085 | D:13     | Found a transporter.
 11085 | D:13     | Found Ufyfaed's Book Shop.
 11107 | D:13     | Noticed a vault guard
 11107 | D:13     | Noticed a catoblepas
 11112 | D:13     | Killed a vault guard
 11113 | D:13     | Noticed an entropy weaver
 11114 | D:13     | Killed a catoblepas
 11115 | D:13     | Reached skill level 10 in Armour
 11119 | D:13     | Killed an entropy weaver
 11120 | D:13     | Reached skill level 10 in Fighting
 11120 | D:13     | Reached skill level 5 in Shapeshifting
 11293 | D:13     | Found a gate to the Vaults.
 11421 | D:13     | Found a transporter.
 11922 | Vaults:1 | Entered Level 1 of the Vaults
 11979 | Vaults:1 | Noticed an ironbound preserver
 11979 | Vaults:1 | Noticed an ironbound preserver
 11982 | Vaults:1 | Noticed a vault guard
 11982 | Vaults:1 | Noticed an ironbound frostheart
 11983 | Vaults:1 | Noticed an ironbound preserver
 11983 | Vaults:1 | Noticed an ironbound thunderhulk
 11983 | Vaults:1 | Identified the ring of Ligog {^Contam Fly rC+ Str+4}
 11984 | Vaults:1 | Noticed a yaktaur captain
 11987 | Vaults:1 | Reached skill level 15 in Axes
 11989 | Vaults:1 | Noticed a vault warden
 11989 | Vaults:1 | Noticed a vault guard
 11989 | Vaults:1 | Slain by an ironbound preserver

Illustrated notes

Levels and vault maps discovered:
D:1:      nzn_arrival_crosshair, layout_loops_ring,
          ebering_ecumenical_altar_abandoned
D:2:      layout_loops_ring, uniq_crazy_yiuf_cottage
D:3:      kennysheep_goblin_castle, layout_rooms, mainiacjoe_overflow_24_doors,
          fedhas_altar_1, uniq_ijyb, uniq_robin, uniq_terence
D:4:      layout_loops_ring, mainiacjoe_overflow_tiny_flanked,
          chequers_temple_overflow_statue_of_worship,
          nicolae_uskayaw_dance_hall, nicolae_overflow_hidden_temple,
          st_stairs_1, uniq_natasha, uniq_menkaure, uniq_pikel
D:5:      layout_basic, pdpol_wu_jian_five_deadly_venoms,
          minmay_temple_entry_nine_rooms, dreamdust_princess_bridge,
          kennysheep_windowed_goal
D:6:      layout_gridville, nicolae_ru_awakened_eye,
          chequers_serial_rivers_micro_a
D:7:      layout_loops_ring
D:8:      layout_cave_pools, zin_scriptorium, minmay_ruffians
D:9:      kennysheep_blocky_hall, layout_basic, lair_entry_dummy,
          kennysheep_orc_monster_closet_entryway
D:10:     layout_rooms, guppyfry_shop_venom, uniq_erica
D:11:     layout_basic, enter_trove_3, serial_shops, nicolae_shop_trees
D:12:     layout_basic
D:13:     layout_stronghold, hellmonk_vaults_order_and_chaos, serial_shops,
          nicolae_shop_drivethru
Vaults:1: mu_enter_wizlab_1, vaults_room_grunt_arrival_ludios,
          vaults_room_door_ring, nicolae_vaults_three_branches,
          nicolae_vaults_trapezoid_4, nicolae_vaults_security_offices_3,
          v_misc_2, nicolae_vaults_surprise_closet, layout_vaults_omnigrid

Skill      XL: |  1  2  3  4  5  6  7  8  9 10 11 12 |
---------------+-------------------------------------+-----
Shields        | 4 5 6 8 10 11 12 | 12.3
Fighting       | 4 5 6 7 9 10 | 10.4
Armour         | 4 5 6 7 8 9 11 | 11.1
Axes           | 3 4 5 6 8 9 12 13 15 | 15.0
Dodging        | 1 2 |  2.7
Shapeshifting  | 1 2 3 4 5 |  5.0
Stealth        | 1 2 |  2.1

Action                     |  1- 3 |  4- 6 |  7- 9 | 10-12 || total
---------------------------+-------+-------+-------+-------++-------
  Melee: War axe           |    77 |   121 |   193 |   107 ||   498
         Headbutt          |     9 |    14 |    28 |    46 ||    97
         Battleaxe         |       |       |       |   167 ||   167
 Invoke: Call Merchant     |       |       |       |     1 ||     1
    Use: Potion            |       |     5 |       |     2 ||     7
         Scroll            |       |       |     6 |     5 ||    11
   Stab: Distracted        |       |       |       |     3 ||     3
 Armour: Scale mail        |    45 |    55 |    15 |       ||   115
         Plate armour      |       |       |    76 |   289 ||   365
  Dodge: Dodged            |    12 |    19 |    30 |   106 ||   167
  Block: Tower shield      |    93 |   180 |   229 |   143 ||   645
         Reflection        |       |     9 |     9 |    16 ||    34
         Other             |       |       |       |    50 ||    50
   Form: Beast             |     1 |     1 |       |     1 ||     3
                           |       |     1 |       |     2 ||     3

Table legend: (Time is in decaauts)
 A = Elapsed time spent in this place.
 B = Non-inter-level travel time spent in this place.
 C = Inter-level travel time spent in this place.
 D = Time resting spent in this place.
 E = Time spent auto-exploring this place.
 F = Levels seen in this place.
 G = Mean time per level.
                   A        B        C        D        E       F      G
               +--------+--------+--------+--------+--------+-----+--------+
         Total |  12259 |  11651 |    608 |   1408 |      0 |  14 |  875.6 |
       Dungeon |  12184 |  11576 |    608 |   1408 |      0 |  13 |  937.2 |
        Vaults |     74 |     74 |      0 |      0 |      0 |   1 |   74.0 |
               +--------+--------+--------+--------+--------+-----+--------+

Top non-repeatable levels by time:
     D:9: 1736 daAuts
    D:13: 1236 daAuts
     D:3: 1171 daAuts
     D:4: 969 daAuts
     D:6: 967 daAuts
     D:2: 866 daAuts
     D:1: 845 daAuts
    D:12: 811 daAuts
    D:10: 773 daAuts
     D:7: 746 daAuts
    D:11: 722 daAuts
     D:8: 710 daAuts
     D:5: 626 daAuts
Vaults:1: 74 daAuts
